 Dungeon Crawl Stone Soup version 0.18-a0-1293-g5a2c81a (webtiles) character file.

1656 ololoev the Destroyer (level 8, 7/41 HPs)
             Began as a Deep Elf Fire Elementalist on Feb 10, 2016.
             Quit the game on level 6 of the Dungeon.
             The game lasted 00:20:53 (2728 turns).

ololoev the Destroyer (Deep Elf Fire Elementalist)  Turns: 2728, Time: 00:20:54

Health: 7/41       AC:  8    Str:  5    XL:     8   Next: 68%
Magic:  21/21      EV: 13    Int: 23    God:
Gold:   285        SH:  0    Dex: 15    Spells: 5 memorised, 6 levels left

rFire  . . .     SeeInvis .     a - +0 mace (protect)
rCold  . . .     Gourm    .     m - +1 robe
rNeg   . . .     Faith    .     (no shield)
rPois  .         Spirit   .     (no helmet)
rElec  .         Dismiss  .     (no cloak)
rCorr  .         Reflect  .     (no gloves)
SustAt .         Harm     .     (no boots)
MR     .....                    (no amulet)
Stlth  ++........               (no ring)
                                (no ring)

@: not resistant to hostile enchantments, unstealthy
A: no striking features
a: no special abilities

Inventory:

Hand Weapons
 a - a +0 mace of protection (weapon)
 b - a +1 blowgun
Missiles
 v - 24 poisoned needles
Armour
 m - a +1 robe (worn)
Wands
 y - a wand of flame (33/48)
Scrolls
 e - 2 scrolls of amnesia
 j - 2 scrolls of remove curse
 l - a scroll of fog {unknown}
 n - a scroll of blinking {unknown}
 o - a scroll of enchant armour
 p - a scroll of noise {unknown}
 q - 3 scrolls of teleportation
 t - a scroll of recharging
Potions
 f - 3 potions of curing
 g - a potion of magic
 h - a potion of agility
 i - 4 potions of heal wounds
 s - 2 potions of cancellation
 w - a potion of cure mutation
Books
 u - a book of Flames

   Spells                             Type                      Level
   a - Flame Tongue                   Conjuration/Fire             1
   b - Throw Flame                    Conjuration/Fire             2
   c - Conjure Flame                  Conjuration/Fire             3
   d - Inner Flame                    Hexes/Fire                   3
   e - Sticky Flame                   Conjuration/Fire             4
   f - Fireball                       Conjuration/Fire             5
Comestibles
 c - 3 bread rations
 d - a beef jerky
 r - a slice of pizza


   Skills:
 - Level 2.4 Dodging
 - Level 2.4 Stealth
 + Level 7.6 Spellcasting
 * Level 8.6 Conjurations
 * Level 7.1 Fire Magic


You had 6 spell levels left.
You knew the following spells:

 Your Spells              Type           Power        Failure   Level  Hunger
a - Flame Tongue          Conj/Fire      #####        1%          1    None
b - Conjure Flame         Conj/Fire      #####...     1%          3    None
c - Sticky Flame          Conj/Fire      #####...     3%          4    ###....
d - Fireball              Conj/Fire      #####.....   10%         5    #####..
e - Inner Flame           Hex/Fire       ####....     8%          3    None


You were on level 6 of the Dungeon.
You were hungry.

You visited 1 branch of the dungeon, and saw 7 of its levels.

You collected 285 gold pieces.

############
#@KK........
#.##########
#K# #K# #.#
#.# #.# #.#
#.# #.# #.#
#5# #.# # #
######.####
#.#.# #

Notes
Turn   | Place    | Note
--------------------------------------------------------------
     0 | D:1      | ololoev the Deep Elf Fire Elementalist began the quest for the Orb.
     0 | D:1      | Reached XP level 1. HP: 10/10 MP: 6/6
   141 | D:1      | Reached XP level 2. HP: 15/15 MP: 6/8
   557 | D:3      | Reached XP level 3. HP: 12/19 MP: 3/10
   671 | D:2      | Found an opulent altar of Gozag.
   680 | D:2      | Found a shattered altar of Ashenzari.
   682 | D:2      | Found a glowing silver altar of Zin.
   784 | D:4      | Reached skill level 4 in Spellcasting
   784 | D:4      | Reached XP level 4. HP: 24/24 MP: 10/12
   789 | D:4      | Learned a level 3 spell: Conjure Flame
   793 | D:4      | Learned a level 3 spell: Inner Flame
   798 | D:4      | Learned a level 4 spell: Sticky Flame
   835 | D:3      | Noticed Sigmund
   914 | D:5      | Entered Level 5 of the Dungeon
   935 | D:5      | Noticed an ice beast
   936 | D:5      | Noticed an ice beast
   941 | D:5      | Killed an ice beast
   941 | D:5      | Reached XP level 5. HP: 19/28 MP: 9/13
   946 | D:5      | Killed an ice beast
   946 | D:5      | Reached skill level 5 in Spellcasting
   955 | D:4      | Noticed an ogre
   963 | D:4      | Killed an ogre
   963 | D:4      | Reached skill level 5 in Conjurations
   963 | D:4      | Reached XP level 6. HP: 24/32 MP: 7/15
  1127 | D:3      | Reached skill level 5 in Fire Magic
  1183 | D:3      | Found a basalt altar of Yredelemnul.
  1250 | D:3      | Reached XP level 7. HP: 19/36 MP: 15/17
  1325 | D:3      | Killed Sigmund
  1325 | D:3      | Reached skill level 6 in Spellcasting
  1408 | D:4      | Learned a level 5 spell: Fireball
  1759 | D:5      | Reached skill level 7 in Conjurations
  1764 | D:5      | Gained mutation: You are dopey. (Int -2) [mutagenic meat]
  1765 | D:5      | Gained mutation: You are somewhat resistant to further mutation. [mutagenic meat]
  1768 | D:5      | Gained mutation: You have sharp toenails. [mutagenic meat]
  1802 | D:5      | Reached XP level 8. HP: 36/41 MP: 17/20
  2192 | D:6      | Found an iron altar of Okawaru.
  2218 | D:6      | Reached skill level 8 in Conjurations
  2318 | D:6      | Lost mutation: You are dopey. (Int -2) [potion of cure mutation]
  2318 | D:6      | Lost mutation: You are somewhat resistant to further mutation. [potion of cure mutation]
  2318 | D:6      | Lost mutation: You have sharp toenails. [potion of cure mutation]
  2439 | D:7      | Noticed Menkaure
  2725 | D:7      | Noticed Pikel
  2728 | D:6      | Quit the game

Dungeon Overview and Level Annotations

Branches:
Dungeon (7/15)
 Temple: D:4-7

Altars:
Ashenzari
Gozag
Okawaru
Yredelemnul
Zin

Annotations:
D:7 Menkaure, Pikel


Message History

The centaur is almost dead.
The centaur burns!
You kill the centaur!
Your Fire Magic skill increases to level 7!
Things that are here:
an uncursed shortbow; 6 arrows Eat which item? (? for menu, Esc to quit)
Okay, then.
The crimson imp blinks!
You see here 11 stones.
Found a stone staircase leading down.
Found 16 gold pieces.
There is a stone staircase leading down here.
You now have 285 gold pieces (gained 16).
The crimson imp blinks!
There is a stone staircase leading down here.
You hit the crimson imp but do no damage.
The crimson imp closely misses you.
The crimson imp blinks!
You climb downwards.
Level annotation: Menkaure 4 kobolds, a big kobold, 4 slaves and Pikel come into view.
Pikel shouts!
The slave shouts!
The kobold shouts!
The slave shouts!
The kobold barely misses you.
The kobold hits you but does no damage. x2
Found a scroll labeled NAGORPHUEPP and 21 sling bullets.
There is a stone staircase leading up here.
Unknown command.
Unknown command.
Press: ? - help, v - describe, . - travel
Here: a big kobold, wielding a club The floor.
The kobold hits you but does no damage. The kobold hits you with a dagger.
The kobold closely misses you. The big kobold hits you with a club.
Pikel cracks his whip.
Pikel drinks a potion.
Pikel goes berserk!
You climb upwards.
The crimson imp blinks!
There is a stone staircase leading down here.
Unknown command.
Drink which item? (? for menu, Esc to quit)
Okay, then.
Are you sure you want to abandon this character and quit the game? (Confirm with "yes".)

You could see a big kobold, a crimson imp and 3 kobolds.

Vanquished Creatures
  Sigmund (D:3)
  A sky beast (D:5)
  2 ice beasts (D:5)
  5 ogres
  2 centaurs (D:6)
  2 giant frogs (D:6)
  A crimson imp (D:6)
  2 orc priests (D:3)
  2 giant frog skeletons
  3 orc wizards
  A centaur skeleton (D:4)
  An iguana (D:5)
  4 worker ants
  4 adders
  A shadow imp (D:4)
  An ooze (D:3)
  5 worms
  5 giant geckos
  11 orcs
  3 bats
  A giant cockroach (D:2)
  4 goblins
  2 hobgoblins (D:2)
  8 jackals
  2 quokkas (D:5)
  A ball python (D:4)
  A jackal skeleton (D:4)
  A jackal zombie (D:5)
  2 kobolds
  A quokka skeleton (D:5)
  9 rats
89 creatures vanquished.

Action                   |  1- 3 |  4- 6 |  7- 9 || total
-------------------------+-------+-------+-------++-------
Melee: Spear             |     3 |     3 |     4 ||    10
       Mace              |       |       |    71 ||    71
 Fire: Blowgun           |       |    14 |    91 ||   105
Throw: Tomahawk          |    18 |    17 |       ||    35
 Cast: Flame Tongue      |    34 |    29 |    25 ||    88
       Conjure Flame     |       |     2 |     3 ||     5
       Sticky Flame      |       |     1 |     9 ||    10
       Inner Flame       |       |       |     1 ||     1
Evoke: Wand              |       |       |     5 ||     5
  Use: Potion            |       |     2 |     3 ||     5
       Scroll            |       |       |    11 ||    11
 Stab: Sleeping          |       |       |    10 ||    10
       Paralysed         |       |       |     5 ||     5
  Eat: Chunk             |       |     1 |    10 ||    11

Vault maps used:
D:1:      shiori_shiawase, serial_bayou_ford_a
D:2:      minitemple, first_bread, minivault_4, hangedman_decor_diamond_cutter
D:3:      yredelemnul_altar_generic, ecumenical_altar_1, uniq_sigmund
D:4:      minmay_misc_feat_rows
D:5:      st_stairs_7, feat_on_display
D:6:      okawaru_metal_pillars_1_2
D:7:      minmay_temple_entry_grid, basic_altar, uniq_menkaure, uniq_pikel
